 Dungeon Crawl Stone Soup version 0.31.0-9-g3a7656b989 (webtiles) character file.

Game seed: 11705435805957337915

251 James the Cudgeller (level 5, 0/50 HPs)
             Began as a Troll Gladiator on Feb 4, 2024.
             Incinerated by a bombardier beetle (3 damage)
             ... with a burning spray
             ... on level 4 of the Dungeon.
             The game lasted 00:07:03 (3368 turns).

James the Cudgeller (Troll Gladiator)               Turns: 3368, Time: 00:07:03

Health: 0/50       AC:  9    Str: 24    XL:     5   Next: 88%
Magic:  4/4        EV: 10    Int:  4    God:
Gold:   184        SH:  0    Dex: 11    Spells: 4/4 levels left

rFire   . . .        a - +0 flail (protect)
rCold   . . .        (no shield)
rNeg    . . .        i - +0 robe
rPois   .            c - +0 hat
rElec   .            x - +0 cloak
rCorr   .            (gloves unavailable)
SInv    .            (boots unavailable)
Will    .....        (no amulet)
Stlth   +            l - +4 ring of protection
HPRegen 1.08/turn    (no ring)
MPRegen 0.09/turn

%: no passive effects
@: on fire, glowing
A: large, unfitting armour, claws 3, regeneration 1, shaggy fur 1, tough skin 1
a: no special abilities


You were on level 4 of the Dungeon.
You visited 1 branch of the dungeon, and saw 4 of its levels.

You collected 184 gold pieces.

Inventory:

Hand Weapons
 a - a +0 flail of protection (weapon)
 b - a +0 sling
   (You found it on level 1 of the Dungeon)
 t - a +0 spear
   (You took it off a gnoll on level 2 of the Dungeon)
 y - a +0 shortbow
   (You found it on level 2 of the Dungeon)
Missiles
 d - 3 throwing nets {!f}
 e - a large rock (quivered)
 o - 6 poisoned darts
 r - 14 stones
Armour
 c - a +0 hat (worn)
 i - a +0 robe (worn)
 v - a +0 animal skin
   (You took it off Robin on level 3 of the Dungeon)
 x - a +0 cloak (worn)
   (You found it on level 3 of the Dungeon)
Jewellery
 l - a +4 ring of protection (left claw)
   (You found it on level 2 of the Dungeon)
 w - a ring of ice
   (You found it on level 4 of the Dungeon)
Wands
 p - a wand of mindburst (14)
   (You found it on level 4 of the Dungeon)
 u - a wand of paralysis (7)
   (You found it on level 3 of the Dungeon)
Scrolls
 j - a scroll of revelation {unknown}
 n - a scroll of amnesia
 q - a scroll of acquirement
 B - 3 scrolls of teleportation {@r4}
 C - a scroll of identify {@r1}
Potions
 f - a potion of haste {@q3}
 g - a potion of curing {@q1}
 k - a potion of magic {unknown}
 m - a potion of mutation {unknown}
 s - a potion of degeneration {unknown}
 z - a potion of resistance {unknown}
 A - 4 potions of lignification {!q}


   Skills:
 + Level 2.4 Fighting
 * Level 5.3 Maces & Flails
 - Level 1.7 Throwing
 - Level 3.0 Dodging


You had 4 spell levels left.
You didn't know any spells.
Your spell library contained the following spells:

 Spells                   Type           Power      Damage    Failure   Level
 Tukima's Dance           Hex            0%         N/A       86%         3
 Passage of Golubria      Tloc           0%         N/A       99%         4
 Yara's Violent Unravell  Hex/Alch       0%         3d3       100%        5


Dungeon Overview and Level Annotations

Branches:
Dungeon (4/15)
 Temple: D:4-7

Altars:
Vehumet

Shops:
D:3 [


Innate Abilities, Weirdness & Mutations

You are too large for most types of armour.
You have claws for hands.
Your natural rate of healing is unusually fast.
You are covered in fur. (AC +1)
You have tough skin. (AC +1)


Message History

The bombardier beetle bites you but does no damage.
You barely miss the bombardier beetle. The liquid fire burns you!
* * * LOW HITPOINT WARNING * * *
You hit the bombardier beetle but do no damage.
The liquid fire burns you!
* * * LOW HITPOINT WARNING * * *
The bombardier beetle barely misses you.
You feel much better. The liquid fire burns you!
* * * LOW HITPOINT WARNING * * *
You hit the bombardier beetle but do no damage.
The liquid fire burns you!
* * * LOW HITPOINT WARNING * * *
The bombardier beetle sprays incendiary fluid at you.
The burning spray hits you.
You are even more covered in liquid fire!
You barely miss the bombardier beetle. The liquid fire burns you!
* * * LOW HITPOINT WARNING * * *
The bombardier beetle barely misses you.
You hit the bombardier beetle. The liquid fire burns you!
* * * LOW HITPOINT WARNING * * *
The bombardier beetle sprays incendiary fluid at you.
The burning spray hits you.
You are even more covered in liquid fire!
You hit the bombardier beetle. The liquid fire burns you!
* * * LOW HITPOINT WARNING * * *
You feel better. The liquid fire burns you!
* * * LOW HITPOINT WARNING * * *
The bombardier beetle barely misses you.
Unknown command.
You shake off some of the fire as you move.
The liquid fire burns you!
* * * LOW HITPOINT WARNING * * *
The bombardier beetle sprays incendiary fluid at you.
The burning spray misses you.
Found a chain mail.
You shake off some of the fire as you move.
The liquid fire burns you!
* * * LOW HITPOINT WARNING * * *
You shake off some of the fire as you move.
The liquid fire burns you!
* * * LOW HITPOINT WARNING * * *
You shake off some of the fire as you move.
The liquid fire burns you!
You die...

#.# ##### # ########.#
#...# ####
#........#.+...+ ....
#.########.#...######
#.#..>..............+
#.#[...#####...##..##
#.#............###.##
#.#............# #...
#####.#.@........#######.
#...!...###..............
#..†....# ######.########
#.......# #.# #...B...#
#<# #..........# #.#
#..........# #.# ..##
#............ #.. ....
#......#.#.#... ### ####


You could see a bombardier beetle.

Vanquished Creatures
  A bombardier beetle (D:3)
  2 iguanas (D:4)
  Robin (D:3)
  4 gnolls
  7 adders
  An orc (D:4)
  2 endoplasms
  12 goblins
  5 hobgoblins
  4 jackals (D:1)
  6 kobolds
  2 quokkas
  A ball python (D:1)
  2 bats (D:3)
  A frilled lizard (D:3)
  6 rats
57 creatures vanquished.

Notes
Turn   | Place    | Note
-------+----------+-------------------------------------------
     0 | D:1      | James the Troll Gladiator began the quest for the Orb.
     0 | D:1      | Reached XP level 1. HP: 19/19 MP: 0/0
    72 | D:1      | Reached skill level 3 in Maces & Flails
    98 | D:1      | Reached XP level 2. HP: 21/27 MP: 1/1
   164 | D:1      | You fall into a shaft and drop 1 floor!
  1046 | D:2      | Found a radiant altar of Vehumet.
  1204 | D:2      | Reached XP level 3. HP: 13/33 MP: 2/2
  1248 | D:2      | Reached skill level 4 in Maces & Flails
  1884 | D:3      | Reached XP level 4. HP: 41/41 MP: 3/3
  1884 | D:3      | Noticed Robin
  1915 | D:3      | Killed Robin
  2371 | D:3      | Reached XP level 5. HP: 49/49 MP: 4/4
  2552 | D:3      | Found Roakhluc's Armour Emporium.
  2850 | D:4      | Reached skill level 5 in Maces & Flails
  2944 | D:4      | Identified the +0 pair of gloves of the Poles {Stlth+}
  2980 | D:4      | Identified a scroll of acquirement
  3363 | D:4      | HP: 1/50 [burnt (6)]
  3368 | D:4      | Incinerated by a bombardier beetle

Illustrated notes

Levels and vault maps discovered:
D:1:      shiori_arrival_oz, layout_basic
D:2:      layout_basic, basic_altar
D:3:      layout_loops_corners, serial_shops, shop, uniq_robin
D:4:      layout_basic

Skill      XL: |  1  2  3  4  5 |
---------------+----------------+-----
Maces & Flails | 3 4 5 |  5.3
Fighting       | 2 |  2.4
Dodging        | 3 |  3.0
Throwing       | |  1.7

Action                     |  1- 3 |  4- 6 || total
---------------------------+-------+-------++-------
  Melee: Flail             |   100 |   117 ||   217
         Punch             |     1 |       ||     1
  Throw: Large rock        |       |     1 ||     1
    Use: Scroll            |       |     9 ||     9
         Potion            |       |     2 ||     2
 Armour: Robe              |   100 |    77 ||   177
  Dodge: Dodged            |    80 |    62 ||   142
